 Dungeon Crawl Stone Soup version 0.25-a0-1119-g28b6fd0c3b (webtiles) character file.

Game seed: 8433336593062650461, levelgen mode: deterministic

49084 sanka the Gelid (level 14, 0/123 HPs)
             Began as a Barachi Ice Elementalist on May 18, 2020.
             Was a High Priest of Vehumet.
             Slain by Jorgrun
             ... wielding a +0 vorpal quarterstaff
              (2 damage)
             ... while petrified by Jorgrun
             ... on level 1 of the Orcish Mines.
             The game lasted 01:02:00 (25964 turns).

sanka the Gelid (Barachi Ice Elementalist)         Turns: 25964, Time: 01:02:00

Health: 0/123      AC: 11    Str: 14    XL:     14   Next: 49%
Magic:  0/28       EV: -1    Int: 26    God:    Vehumet [*****.]
Gold:   3803       SH:  0    Dex: 13    Spells: 12/33 levels left

rFire    . . .     SeeInvis +   V - +5 dagger of Dim Light {flame, rF+ Str+3 Int+4}
rCold    + + .     Gourm    .   (no shield)
rNeg     + + +     Faith    .   I - +2 robe {rC+}
rPois    ∞         Spirit   +   o - +2 helmet {Int+3}
rElec    .         Reflect  .   t - +1 cloak
rCorr    .         Harm     .   (no gloves)
MR       +....                  g - +1 pair of boots
Stlth    ++........             W - amulet of guardian spirit
HPRegen  0.30/turn              q - ring of see invisible
MPRegen  0.21/turn              X - ring of ice

@: petrified, grasped by roots, no potions, constricted, studying Staves, slow
A: +LOS, swims, slowness 1, strong legs 2
a: Hop, Renounce Religion


You were on level 1 of the Orcish Mines.
You worshipped Vehumet.
Vehumet was extremely pleased with you.
You were near starving.

You visited 4 branches of the dungeon, and saw 19 of its levels.

You collected 3991 gold pieces.
You spent 188 gold pieces at shops.


Innate Abilities, Weirdness & Mutations

You can be seen from farther away. (+LOS)
You can swim through water.
You cover ground slowly.
You can hop long distances.


   Skills:
 - Level 15.0 Fighting
 + Level 14.1 Dodging
 - Level 1.7 Stealth
 + Level 10.1 Spellcasting
 - Level 4.0 Conjurations
 - Level 4.0 Summonings
 + Level 15.1 Ice Magic


You had 12 spell levels left.
You knew the following spells:

 Your Spells              Type           Power        Failure   Level  Hunger
a - Ozocubu's Armour      Chrm/Ice       ######..     1%          3    None
u - Hailstorm             Conj/Ice       #######.     1%          4    None
x - Summon Ice Beast      Ice/Summ       #######.     1%          4    None
y - Frozen Ramparts       Ice            ######       1%          3    None
z - Freeze                Ice            ####         0%          1    None
X - Ozocubu's Refrigerat  Ice            #######...   1%          6    #####..

Your spell library contained the following spells:

 Spells                   Type           Power        Failure   Level  Hunger
 Lee's Rapid Deconstruct  Erth           ##........   30%         5    ####...
 Foxfire                  Conj/Fire      ###.         1%          1    None
 Summon Small Mammal      Summ           ####         1%          1    None
 Call Imp                 Summ           ####....     1%          2    None
 Conjure Flame            Conj/Fire      ###.....     1%          3    None
 Call Canine Familiar     Summ           ####....     2%          3    None
 Inner Flame              Hex/Fire       ##......     4%          3    None
 Sticky Flame             Conj/Fire      ###.....     5%          4    None
 Summon Guardian Golem    Hex/Summ       ###.....     6%          3    None
 Fireball                 Conj/Fire      ###.......   16%         5    ####...
 Summon Lightning Spire   Summ/Air       ###.....     21%         4    None

Inventory:

Hand Weapons
 a - a +0 hunting sling
 p - a +0 lajatang
 V - the +5 dagger of Dim Light (weapon) {flame, rF+ Str+3 Int+4}

   It has been specially enchanted to burn those struck by it, causing extra
   injury to most foes and up to half again as much damage against particularly
   susceptible opponents.
   It affects your strength (+3).
   It affects your intelligence (+4).
   It protects you from fire.
Missiles
 f - 71 sling bullets
 G - 2 throwing nets {=f}
 U - 14 curare-tipped darts {=f}
Armour
 g - a +1 pair of boots (worn)
 o - a +2 helmet of intelligence (worn)
 t - a +1 cloak (worn)
 C - the +0 pair of boots "Jaireese" {rC+ rCorr}

   It protects you from cold.
   It provides partial protection from all sources of acid and corrosion.
 I - a +2 robe of cold resistance (worn)
Jewellery
 d - a +6 ring of dexterity
 k - an uncursed ring of stealth
 q - a ring of see invisible (left hand)
 Q - an uncursed ring of poison resistance
 W - an amulet of guardian spirit (around neck)
 X - a ring of ice (right hand)
Wands
 J - a wand of polymorph (13)
 L - a wand of paralysis (10)
 O - a wand of iceblast (16)
 P - a wand of digging (6)
 R - a wand of disintegration (13)
 T - a wand of enslavement (10)
 Z - a wand of acid (7)
Scrolls
 e - 13 scrolls of remove curse
 h - 2 scrolls of fear
 i - 2 scrolls of amnesia
 s - 10 scrolls of teleportation {@r4}
 v - 4 scrolls of enchant armour
 y - 2 scrolls of magic mapping
 z - 5 scrolls of blinking
 A - 3 scrolls of fog
 D - 3 scrolls of immolation {!r}
 H - 3 scrolls of enchant weapon
 S - a scroll of silence {!r}
Potions
 j - a potion of cancellation {unknown}
 l - 5 potions of haste {@q3}
 r - 4 potions of flight
 u - 2 potions of mutation {!q}
 w - 2 potions of might
 x - a potion of ambrosia
 B - 6 potions of stabbing
 E - 10 potions of curing {@q1}
 F - a potion of heal wounds {@q2}
 K - a potion of lignification {!q}
 M - a potion of brilliance
 Y - a potion of berserk rage {!q}
Books
 n - a manual of Staves
Miscellaneous
 m - a lightning rod (3/4)
Comestibles
 b - 2 chunks of flesh
 c - 23 rations

Dungeon Overview and Level Annotations

Branches:
Dungeon (11/15)            Temple (1/1) D:7            Lair (6/6) D:8
  Swamp (0/4) Lair:2       Spider (0/4) Lair:3        Slime (0/5) Lair:6
    Orc (1/2) D:9

Altars:
Ashenzari
Cheibriados
Dithmenos
Elyvilon
Fedhas
Gozag
Hepliaklqana
Kikubaaqudgha
Makhleb
Nemelex Xobeh
Okawaru
Qazlal
Ru
Sif Muna
Trog
Uskayaw
Vehumet
Wu Jian
Xom
Yredelemnul
Zin
The Shining One
Jiyva

Shops:
D:6 ?*   Orc:1 ?

Annotations:
D:9 2 transporters, HYPERHYPER's ghost, novice DDFi
D:10 3 runed translucent doors, Edwards80's ghost, novice MiFi
D:11 3 runed translucent doors, p0werm0de's ghost, journeyman DDFi; vurker's ghost, journeyman VSAs
Lair:1 3 runed translucent doors, emiel's ghost, journeyman DsWn
Orc:1 Jorgrun

..▒▒▒......▒▒▒..)..▒▒▒
▒ ..▒ ▒▒▒▒..▒▒ ▒▒....▒
.▒▒ .▒▒
▒.▒▒▒▒▒▒▒....▒▒ ... ▒▒
▒▒▒ ▒▒....▒...▒ >.▒
▒....▒▒▒..▒..▒
▒....▒▒▒....▒▒
▒▒▒..▒▒......▒▒
▒▒..........▒
▒.▒gF..▒▒▒▒....
▒▒...▒.▒ ▒.▒▒▒
▒.▒▒▒▒▒▒ ..▒ ▒.▒ ▒▒
▒.▒ ▒▒


You could see Jorgrun.


Message History

You are feeling very hungry.
Jorgrun closely misses you.
Jorgrun points at you and mumbles some strange words.
The iron shot hits you!!!
* * * LOW HITPOINT WARNING * * *
Your limbs are stiffening.
Unknown command.
Unknown command.
The heat is drained from your surroundings.
You resist.
You feel very cold.
Jorgrun is frozen.
Jorgrun resists.
Jorgrun is severely wounded.
You are near starving!
Jorgrun gestures at you while chanting.
Roots burst forth from the earth!
The grasping roots grab you! The grasping roots constrict you.
You have turned to stone.
Jorgrun hits you but does no damage. The grasping roots constrict you.
Jorgrun is no longer unusually resistant.
Jorgrun hits you with a +0 vorpal quarterstaff!
* * * LOW HITPOINT WARNING * * *
* * * LOW HITPOINT WARNING * * *
The grasping roots constrict you.
Jorgrun hits you with a +0 vorpal quarterstaff!!
* * * LOW HITPOINT WARNING * * *
You die...

Action                   |  1- 3 |  4- 6 |  7- 9 | 10-12 | 13-15 || total
-------------------------+-------+-------+-------+-------+-------++-------
Melee: Unarmed           |    11 |       |       |       |       ||    11
       Short sword       |     1 |       |       |       |       ||     1
       Dagger            |       |    19 |       |    64 |    40 ||   123
       Quarterstaff      |       |       |    17 |   112 |       ||   129
       Morningstar       |       |       |       |       |    16 ||    16
 Fire: Hunting sling     |    17 |    71 |   271 |   303 |    94 ||   756
Throw: Boomerang         |       |       |       |     1 |       ||     1
 Cast: Freeze            |    31 |    21 |    77 |   363 |   329 ||   821
       Frozen Ramparts   |       |     4 |    24 |    57 |    42 ||   127
       Ozocubu's Armour  |       |     1 |    21 |    40 |    29 ||    91
       Summon Ice Beast  |       |     2 |     5 |    12 |     3 ||    22
       Ozocubu's Refrige |       |       |       |       |    26 ||    26
 Abil: Hop               |       |       |       |       |     3 ||     3
Evoke: Wand              |       |       |       |     3 |    13 ||    16
       Lightning rod     |       |       |       |       |     2 ||     2
  Use: Scroll            |       |       |    13 |     4 |    12 ||    29
       Potion            |       |       |       |     1 |     4 ||     5
 Stab: Invisible         |       |       |       |     1 |       ||     1
  Eat: Chunk             |     2 |     6 |    22 |    26 |    25 ||    81
       Ration            |       |       |     1 |     2 |     3 ||     6
Armor: Robe              |    12 |     4 |    53 |    44 |    98 ||   211
       Troll leather arm |       |       |       |   141 |     5 ||   146
Dodge: Dodged            |    25 |    14 |   125 |   602 |   535 ||  1301

Levels and vault maps discovered:
D:1:      dpeg_arrival_stonehenge_12_columns, layout_loops_ring
D:2:      layout_loops_corners, serial_aquarium, aquarium_bridge_long_joined
          [aquarium_subvault_wall, aquarium_subvault_wall,
          aquarium_subvault_wall, aquarium_subvault_bridge,
          aquarium_subvault_wall, aquarium_subvault_window],
          aquarium_window_corridor_3, aquarium_window_1, aquarium_window_corner,
          aquarium_view_2c, aquarium_view_2f, aquarium_pool_2,
          hangedman_decor_riveting, uniq_crazy_yiuf_cottage, uniq_jessica
D:3:      layout_basic, first_ration, skrybe_limestone_x,
          kennysheep_nondescript, yredelemnul_altar_generic
D:4:      layout_gridville, uniq_menkaure
D:5:      layout_loops_corners, led_sif_pool, minmay_quadrilaterals
D:6:      layout_gridville, zin_purify, serial_shops, nicolae_shop_trees,
          minmay_joined_circles
D:7:      layout_rooms, minmay_temple_entry_glassed_door
D:8:      layout_rooms, minmay_lair_entry_grove, minmay_manual_mares,
          uniq_joseph
D:9:      minmay_cornered_nines, layout_rooms, orc_0_dummy,
          gammafunk_ghost_mausoleum
D:10:     layout_loops_ring, gammafunk_ghost_split
D:11:     layout_irregular_city, gammafunk_ghost_cemetery
Temple:   regret_index_temple_chain_breaker
Lair:1:   lemuel_ratsnest, layout_small_grid, gammafunk_ghost_ooze, uniq_sonja
Lair:2:   regret_index_tunnel_blossom, layout_small_grid,
          minmay_swamp_entry_reptiles, chequers_serial_rivers_small_b,
          uniq_fannar
Lair:3:   layout_roguey, spider_nest_entry_a, beast_lair_carwin_5
Lair:4:   layout_roguey, serial_bayou_shore_a
Lair:5:   cheibrodos_magma_flow, layout_regular_city
Lair:6:   gammafunk_lair_ancient_temple, layout_small_grid, slime_altar_1,
          uniq_josephine
Orc:1:    layout_diamond_mine, serial_shops, shop, uniq_jorgrun, uniq_harold,
          uniq_erica

Notes
Turn   | Place    | Note
-------+----------+-------------------------------------------
     0 | D:1      | sanka the Barachi Ice Elementalist began the quest for the
                  | Orb.
     0 | D:1      | Reached XP level 1. HP: 13/13 MP: 3/3
    56 | D:1      | Reached skill level 5 in Ice Magic
   322 | D:1      | Reached XP level 2. HP: 16/19 MP: 1/5
  1035 | D:2      | Reached skill level 3 in Spellcasting
  1035 | D:2      | Reached XP level 3. HP: 24/24 MP: 3/7
  1101 | D:2      | Learned a level 3 spell: Frozen Ramparts
  1105 | D:2      | Learned a level 3 spell: Ozocubu's Armour
  1498 | D:2      | Noticed Jessica
  1500 | D:2      | Killed Jessica
  1500 | D:2      | Reached skill level 6 in Ice Magic
  1500 | D:2      | Reached XP level 4. HP: 30/30 MP: 9/9
  1514 | D:2      | Noticed a bullfrog
  1519 | D:2      | Killed a bullfrog
  1519 | D:2      | Reached XP level 5. HP: 35/35 MP: 1/10
  1978 | D:2      | Reached skill level 7 in Ice Magic
  2551 | D:2      | Found a runed translucent door.
  2552 | D:2      | Noticed Crazy Yiuf
  2557 | D:2      | Killed Crazy Yiuf
  2557 | D:2      | Reached skill level 4 in Spellcasting
  2731 | D:3      | Reached XP level 6. HP: 41/41 MP: 12/12
  2836 | D:6      | Noticed a water moccasin
  2839 | D:6      | Killed a water moccasin
  2839 | D:6      | Reached skill level 8 in Ice Magic
  2845 | D:6      | Learned a level 4 spell: Summon Ice Beast
  3005 | D:6      | Noticed an ice beast
  3018 | D:6      | Killed an ice beast
  3018 | D:6      | Reached skill level 1 in Summonings
  3018 | D:6      | Reached XP level 7. HP: 46/46 MP: 5/13
  3084 | D:6      | Reached skill level 9 in Ice Magic
  3205 | D:6      | Reached skill level 2 in Summonings
  3752 | D:6      | Found Jucwu's Magic Scroll Boutique.
  3771 | D:6      | Bought a scroll of blinking for 97 gold pieces
  3771 | D:6      | Bought a scroll of identify for 26 gold pieces
  3771 | D:6      | Bought a scroll of fog for 26 gold pieces
  3819 | D:6      | Reached skill level 3 in Summonings
  4036 | D:6      | Reached skill level 4 in Summonings
  4036 | D:6      | Reached skill level 10 in Ice Magic
  4036 | D:6      | Reached XP level 8. HP: 40/53 MP: 8/14
  4042 | D:6      | Learned a level 4 spell: Hailstorm
  4148 | D:6      | Found Zin's Purification Station.
  4153 | D:6      | Found a glowing silver altar of Zin.
  4165 | D:6      | Reached skill level 1 in Fighting
  4367 | D:6      | Reached skill level 2 in Fighting
  4367 | D:6      | Reached skill level 3 in Dodging
  4367 | D:6      | Reached skill level 1 in Conjurations
  4636 | D:6      | Reached skill level 3 in Fighting
  5045 | D:6      | Bought a scroll of remove curse for 39 gold pieces
  5055 | D:5      | Entered Level 5 of the Dungeon
  5251 | D:5      | Reached skill level 4 in Dodging
  5399 | D:5      | Reached skill level 2 in Conjurations
  5750 | D:5      | Reached skill level 4 in Fighting
  5753 | D:5      | Reached XP level 9. HP: 52/65 MP: 13/16
  6051 | D:5      | Found a shimmering blue altar of Sif Muna.
  6525 | D:4      | Reached skill level 5 in Dodging
  6737 | D:4      | Noticed Menkaure
  6746 | D:4      | Killed Menkaure
  7087 | D:4      | Reached skill level 5 in Fighting
  7087 | D:4      | Reached skill level 5 in Spellcasting
  7087 | D:4      | Reached skill level 3 in Conjurations
  7691 | D:3      | Found a basalt altar of Yredelemnul.
  8747 | D:7      | Reached skill level 6 in Dodging
  8794 | D:7      | Reached skill level 6 in Fighting
  8877 | D:7      | Found a staircase to the Ecumenical Temple.
  8891 | Temple   | Entered the Ecumenical Temple
  8998 | Temple   | Became a worshipper of Vehumet
  9395 | D:8      | Reached skill level 4 in Conjurations
  9395 | D:8      | Reached XP level 10. HP: 75/77 MP: 8/18
  9399 | D:8      | Reached skill level 11 in Ice Magic
  9409 | D:8      | Reached skill level 7 in Fighting
  9410 | D:8      | Reached skill level 7 in Dodging
  9427 | D:8      | Found a staircase to the Lair.
  9692 | D:8      | Reached skill level 6 in Spellcasting
 10093 | D:8      | Reached skill level 8 in Fighting
 10238 | D:8      | Noticed Joseph
 10254 | D:8      | Killed Joseph
 10254 | D:8      | Reached skill level 8 in Dodging
 10384 | D:8      | Reached * piety under Vehumet
 10384 | D:8      | Offered knowledge of Foxfire by Vehumet.
 10868 | D:8      | Got a scorched dagger
 10869 | D:8      | Identified the +5 dagger of Dim Light {flame, rF+ Str+3
                  | Int+4} (You found it on level 8 of the Dungeon)
 10898 | D:9      | Found a staircase to the Orcish Mines.
 10960 | D:9      | Reached skill level 9 in Fighting
 11019 | D:9      | Found a transporter.
 11019 | D:9      | Noticed HYPERHYPER's ghost (novice DDFi)
 11021 | D:9      | Noticed a death knight
 11503 | D:9      | Reached XP level 11. HP: 89/89 MP: 14/20
 11509 | D:9      | Reached skill level 9 in Dodging
 11546 | D:9      | Noticed a cyclops
 11559 | D:9      | Killed a cyclops
 11841 | D:9      | Found a transporter.
 12106 | Orc:1    | Entered Level 1 of the Orcish Mines
 12136 | D:10     | Entered Level 10 of the Dungeon
 12296 | D:10     | Noticed a death knight
 12298 | D:10     | Noticed an ice dragon
 12303 | D:10     | Found a runed translucent gate.
 12303 | D:10     | Found a runed translucent gate.
 12303 | D:10     | Found a runed translucent gate.
 12304 | D:10     | Noticed Edwards80's ghost (novice MiFi)
 12424 | D:10     | Reached skill level 10 in Fighting
 12424 | D:10     | Reached skill level 12 in Ice Magic
 12757 | D:10     | Reached ** piety under Vehumet
 12757 | D:10     | Offered knowledge of Magic Dart by Vehumet.
 13212 | D:11     | Noticed a four-headed hydra
 13224 | D:11     | Killed a four-headed hydra
 13464 | D:11     | Reached skill level 10 in Dodging
 13710 | D:11     | Found a runed translucent gate.
 13710 | D:11     | Found a runed translucent gate.
 13710 | D:11     | Found a runed translucent gate.
 13714 | D:11     | Noticed p0werm0de's ghost (journeyman DDFi)
 13714 | D:11     | Noticed vurker's ghost (journeyman VSAs)
 14474 | Lair:1   | Entered Level 1 of the Lair of Beasts
 14658 | Lair:1   | Offered knowledge of Static Discharge by Vehumet.
 14672 | Lair:1   | Reached *** piety under Vehumet
 15053 | Lair:1   | Offered knowledge of Olgreb's Toxic Radiance by Vehumet.
 15156 | Lair:1   | Reached skill level 11 in Fighting
 15270 | Lair:1   | Noticed Sonja
 15559 | Lair:1   | Found a runed translucent gate.
 15559 | Lair:1   | Found a runed translucent gate.
 15559 | Lair:1   | Found a runed translucent gate.
 15561 | Lair:1   | Noticed emiel's ghost (journeyman DsWn)
 15561 | Lair:1   | Noticed a death ooze
 15563 | Lair:1   | Found a viscous altar of Jiyva.
 16042 | Lair:1   | Noticed Sonja
 16042 | Lair:1   | Sonja changed into Sonja the troll
 16049 | Lair:1   | Killed Sonja the troll
 16049 | Lair:1   | Reached XP level 12. HP: 79/100 MP: 14/22
 16385 | Lair:2   | Noticed Fannar
 16433 | Lair:1   | Killed Fannar
 16433 | Lair:1   | Reached skill level 11 in Dodging
 16433 | Lair:1   | Reached skill level 7 in Spellcasting
 16667 | Lair:2   | Reached **** piety under Vehumet
 16765 | Lair:2   | Reached skill level 12 in Fighting
 16885 | Lair:2   | Offered knowledge of Bolt of Magma by Vehumet.
 17201 | Lair:2   | Reached skill level 13 in Ice Magic
 17460 | Lair:2   | Noticed a seven-headed hydra
 17499 | Lair:2   | Reached skill level 12 in Dodging
 17688 | Lair:2   | Reached skill level 13 in Fighting
 17782 | Lair:2   | Reached skill level 8 in Spellcasting
 17990 | Lair:2   | Killed a seven-headed hydra
 18092 | Lair:2   | Reached ***** piety under Vehumet
 18092 | Lair:2   | Gained mutation: You can hop long distances. [Barachi
                  | growth]
 18092 | Lair:2   | Reached XP level 13. HP: 111/111 MP: 25/25
 18126 | Lair:2   | Offered knowledge of Ozocubu's Refrigeration by Vehumet.
 18142 | Lair:2   | Learned a level 6 spell: Ozocubu's Refrigeration
 18311 | Lair:2   | Got a pair of fine boots
 18347 | Lair:2   | Identified the cursed +0 pair of boots "Jaireese" {rC+
                  | rCorr} (You found it on level 2 of the Lair of Beasts)
 18447 | Lair:2   | Found a staircase to the Swamp.
 18898 | Lair:2   | Identified a scroll of acquirement
 19407 | Lair:3   | Found a hole to the Spider Nest.
 19645 | Lair:3   | Reached skill level 13 in Dodging
 19805 | Lair:3   | Reached skill level 9 in Spellcasting
 20203 | Lair:3   | Reached skill level 14 in Ice Magic
 21875 | Lair:5   | Reached skill level 14 in Fighting
 23024 | Lair:6   | Entered Level 6 of the Lair of Beasts
 23107 | Lair:6   | Offered knowledge of Lee's Rapid Deconstruction by Vehumet.
 23169 | Lair:6   | Reached XP level 14. HP: 109/121 MP: 6/27
 23429 | Lair:6   | Noticed Josephine
 23436 | Lair:6   | Killed Josephine
 23641 | Lair:6   | Reached skill level 10 in Spellcasting
 24157 | Lair:6   | Got a dazzling great sword
 24158 | Lair:6   | Identified the +2 great sword of Vuunt {vorpal, +Blink +Inv
                  | MR-} (You found it on level 6 of the Lair of Beasts)
 24693 | Lair:6   | Reached skill level 15 in Ice Magic
 24693 | Lair:6   | Reached skill level 14 in Dodging
 25115 | Lair:6   | Found a viscous altar of Jiyva.
 25116 | Lair:6   | Found a staircase to the Slime Pits.
 25513 | Lair:6   | Got an ichor-stained chain mail
 25524 | Lair:6   | Identified the +5 chain mail "Puurch" {Dex+2} (You found it
                  | on level 6 of the Lair of Beasts)
 25743 | Orc:1    | Reached skill level 15 in Fighting
 25802 | Orc:1    | Found Leos's Magic Scroll Shop.
 25882 | Orc:1    | Noticed Erica
 25893 | Orc:1    | Killed Erica
 25904 | Orc:1    | Noticed Jorgrun
 25950 | Orc:1    | HP: 9/123 [Jorgrun/iron shot (34)]
 25963 | Orc:1    | HP: 12/123 [Jorgrun/+0 vorpal quarterstaff (4)]
 25964 | Orc:1    | HP: 2/123 [Jorgrun/+0 vorpal quarterstaff (10)]
 25964 | Orc:1    | Slain by Jorgrun

Vanquished Creatures
  Josephine (Lair:6)
  Fannar (Lair:1)
  3 hydras (Lair:3)
  Erica (Orc:1)
  A merfolk avatar (Lair:6)
  2 sea snakes (Lair:6)
  A swamp dragon (Lair:2)
  A cyclops (D:9)
  A manticore (Lair:6)
  5 elephants
  Joseph (D:8)
  A torpor snail (Lair:6)
  3 black mambas
  2 molten gargoyles (Lair:5)
  9 spiny frogs
  5 rime drakes
  12 komodo dragons
  3 trolls
  6 polar bears
  A queen bee (Lair:2)
  A wind drake (Lair:6)
  2 hornets
  10 hippogriffs
  14 blink frogs
  4 wyverns
  A redback (Lair:3)
  4 wraiths
  42 yaks
  6 basilisks
  3 vampire mosquitoes (D:8)
  19 water moccasins
  10 porcupines
  An ice beast (D:8)
  4 sky beasts
  2 black bears (D:8)
  4 phantoms
  6 orc warriors
  4 ogres
  12 wolves
  6 centaurs
  24 crocodiles
  A big kobold (D:10)
  15 bullfrogs
  A wyvern zombie (D:6)
  A water moccasin zombie (D:8)
  A wyvern skeleton (D:6)
  7 scorpions
  33 killer bees
  A water moccasin skeleton (D:4)
  A howler monkey (D:11)
  3 wights (D:9)
  4 lava snakes (Lair:5)
  A bullfrog zombie (D:6)
  5 crimson imps
  2 centaur zombies
  A quasit (D:5)
  2 bullfrog skeletons
  Crazy Yiuf (D:2)
  3 hounds
  2 jellies
  9 orc priests
  13 orc wizards
  Jessica (D:2)
  3 iguanas
  11 hell rats (Lair:1)
  6 worker ants
  A killer bee zombie (D:6)
  A worker ant zombie (D:8)
  7 gnolls
  A howler monkey skeleton (D:6)
  11 adders
  11 river rats (Lair:1)
  2 shadow imps
  A worm (D:2)
  A dart slug (D:2)
  7 leopard geckos
  35 orcs
  4 giant cockroaches
  11 goblins
  4 hobgoblins
  10 jackals
  9 quokkas
  A ball python (D:2)
  9 bats
  6 frilled lizards
  A giant cockroach zombie (D:5)
  11 kobolds
  A leopard gecko skeleton (D:5)
  A quokka skeleton (D:5)
  20 rats
  7 fungi
  24 plants
564 creatures vanquished.

Vanquished Creatures (collateral kills)
  3 hydras
  A sea snake (Lair:6)
  A hungry ghost (D:7)
  Menkaure (D:4)
  An ice beast (D:6)
  A wolf (D:8)
  A bullfrog (D:11)
9 creatures vanquished.

Vanquished Creatures (others)
  13 fungi
  10 plants
23 creatures vanquished.

Grand Total: 596 creatures vanquished
